 Dungeon Crawl Stone Soup version 0.23-b1-13-gf37ab262a9 (webtiles) character file.

Game seed: 11280821571253785586

200 Cykl0x the Chucker (level 5, -1/73 HPs)
             Began as a Troll Hunter on Feb 3, 2019.
             Slain by Duvessa
             ... wielding a +0 short sword
              (6 damage)
             ... on level 4 of the Dungeon.
             The game lasted 00:11:15 (2366 turns).

Cykl0x the Chucker (Troll Hunter)                   Turns: 2366, Time: 00:11:16

Health: -1/73      AC:  7    Str: 25    XL:     5   Next: 49%
Magic:  4/4        EV:  7    Int:  7    God:
Gold:   163        SH:  7    Dex: 11    Spells: 4/4 levels left

rFire    . . .     SeeInvis .     - Unarmed
rCold    . . .     Gourm    +   r - +0 shield
rNeg     . . .     Faith    .   b - +1 robe
rPois    .         Spirit   .   (helmet restricted)
rElec    .         Reflect  .   (no cloak)
rCorr    .         Harm     .   (gloves unavailable)
MR       .....                  (boots unavailable)
Stlth    ..........             (no amulet)
HPRegen  0.62/turn              p - ring of flight
MPRegen  0.09/turn              (no ring)

@: berserking, very quick
A: large, unfitting armour, claws 3, fast metabolism 3, gourmand, regeneration
1, shaggy fur 1, tough skin 3
a: Evoke Flight


You were on level 4 of the Dungeon.
You were very full.

You visited 1 branch of the dungeon, and saw 4 of its levels.

You collected 163 gold pieces.

Inventory:

Hand Weapons
 e - a +0 hand axe
Missiles
 c - 3 large rocks (quivered)
 d - 2 throwing nets
 j - 82 stones
Armour
 b - a +1 robe (worn)
 r - a +0 shield (worn)
Jewellery
 h - an uncursed ring of ice
 p - a ring of flight (left claw)
Scrolls
 a - a scroll of enchant armour
 m - 3 scrolls of remove curse
 q - a scroll of immolation
Potions
 i - a potion of lignification {unknown}
 k - a potion of heal wounds {unknown}
 l - a potion of flight {unknown}
 n - a potion of cancellation {unknown}
 o - 3 potions of curing {unknown}
Comestibles
 f - 5 rations
 s - 4 chunks of flesh


   Skills:
 + Level 1.8 Fighting
 * Level 5.3 Throwing
 + Level 2.0 Dodging
 + Level 0.4 Stealth
 + Level 0.1 Shields
 * Level 2.1 Unarmed Combat
 * Level 0.3 Evocations


You had 4 spell levels left.
You didn't know any spells.
Your spell library was empty.

Dungeon Overview and Level Annotations

Branches:
Dungeon (4/15)
 Temple: D:4-7

Altars:
Elyvilon
Uskayaw
Vehumet

Annotations:
D:4 Duvessa, Ijyb


Innate Abilities, Weirdness & Mutations

You are too large for most types of armour.
You have claws for hands.
Your metabolism is lightning-fast.
You like to eat raw meat.
Your natural rate of healing is unusually fast.
You are covered in fur. (AC +1)
You have extremely tough skin. (AC +3)


Message History

Duvessa hits you with a +0 short sword.
It was a potion of berserk rage.
A red film seems to cover your vision as you go berserk!
You feel yourself moving faster!
You feel mighty! Duvessa hits you with a +0 short sword!
* * * LOW HITPOINT WARNING * * *
Duvessa hits you with a +0 short sword.
* * * LOW HITPOINT WARNING * * *
You are too berserk!
You scratch Duvessa.
Duvessa is lightly wounded.
You block Duvessa's attack.
You claw Duvessa!
Duvessa is moderately wounded.
Duvessa hits you with a +0 short sword.
* * * LOW HITPOINT WARNING * * *
You scratch Duvessa but do no damage.
Duvessa is moderately wounded.
You block Duvessa's attack. Duvessa hits you with a +0 short sword.
You die...

........... .........##.
.........# .?
.........###.
...#.........####
................#
##...####.......#
.....#..#.......###
..._.#.(#.......@.#
....[#.(#[......#e#
....)####.##....#hZg
..........##....#l....
...............##.......
.........#.............#
.........#.............#
.........+....#........(
........##....#...#.


You could see Duvessa (berserk), Ijyb, a hound, a leopard gecko and a jackal
skeleton.

Vanquished Creatures
  Dowan (D:4)
  An orc priest (D:4)
  3 adders
  3 oozes
  2 worms
  2 dart slugs
  3 leopard geckos
  4 orcs
  A ball python (D:2)
  5 giant cockroaches
  7 hobgoblins
  10 kobolds
  2 quokkas (D:2)
  9 bats
  4 frilled lizards
  7 goblins
  A quokka skeleton (D:4)
  8 rats
73 creatures vanquished.

Vanquished Creatures (others)
  A leopard gecko (D:3)
1 creature vanquished.

Grand Total: 74 creatures vanquished

Notes
Turn   | Place    | Note
-------+----------+-------------------------------------------
     0 | D:1      | Cykl0x the Troll Hunter began the quest for the Orb.
     0 | D:1      | Reached XP level 1. HP: 19/19 MP: 0/0
     3 | D:1      | Noticed a demigod
     3 | D:1      | Noticed a formicid
     7 | D:1      | Noticed a tengu
     7 | D:1      | Noticed a spriggan
    17 | D:1      | Noticed an ogre
    17 | D:1      | Noticed a demonspawn
    19 | D:1      | Noticed a draconian
    19 | D:1      | Noticed a felid
    21 | D:1      | Noticed a centaur
    21 | D:1      | Noticed a troll
    23 | D:1      | Noticed a gargoyle
    25 | D:1      | Noticed an elf
    25 | D:1      | Noticed a halfling
    27 | D:1      | Noticed a ghoul
    27 | D:1      | Noticed a vine stalker
    29 | D:1      | Noticed an octopode
    29 | D:1      | Noticed a minotaur
    31 | D:1      | Noticed a naga
    33 | D:1      | Noticed a human
    33 | D:1      | Noticed a dwarf
    36 | D:1      | Noticed a merfolk
    36 | D:1      | Noticed a vampire
   122 | D:1      | Reached skill level 4 in Throwing
   126 | D:1      | Reached XP level 2. HP: 24/28 MP: 1/1
   410 | D:1      | Reached XP level 3. HP: 35/35 MP: 2/2
  1010 | D:2      | Found a radiant altar of Vehumet.
  1136 | D:2      | Reached XP level 4. HP: 33/42 MP: 3/3
  1564 | D:3      | Reached skill level 5 in Throwing
  1662 | D:3      | Found a white marble altar of Elyvilon.
  1793 | D:3      | Reached skill level 1 in Unarmed Combat
  2314 | D:4      | Found a hide-covered altar of Uskayaw.
  2315 | D:4      | Noticed a +0 hand axe
  2317 | D:4      | Noticed a +0 dagger
  2328 | D:4      | Reached XP level 5. HP: 47/49 MP: 4/4
  2355 | D:4      | Noticed Duvessa
  2355 | D:4      | Noticed Dowan
  2356 | D:4      | Killed Dowan
  2361 | D:4      | Noticed Ijyb
  2366 | D:4      | Slain by Duvessa

Skill      XL: |  1  2  3  4  5 |
---------------+----------------+-----
Throwing       | 4 5 |  5.3
Unarmed Combat | 1 2 |  2.1
Dodging        | 2 |  2.0
Fighting       | |  1.8
Stealth        | |  0.4
Shields        | |  0.1
Evocations     | |  0.3

Action                   |  1- 3 |  4- 6 || total
-------------------------+-------+-------++-------
Melee: Unarmed           |    74 |    60 ||   134
Throw: Large rock        |    26 |    27 ||    53
  Use: Scroll            |       |     3 ||     3
       Potion            |       |     1 ||     1
 Stab: Sleeping          |     1 |       ||     1
  Eat: Chunk             |    14 |    13 ||    27
Armor: Robe              |    45 |    46 ||    91
Dodge: Dodged            |    43 |    25 ||    68
Block: Shield            |       |    19 ||    19
